 Dungeon Crawl Stone Soup version 0.31-a0-233-g139696dc86 (webtiles) character file.

Game seed: 7904017791908827855

60 qw the Shooter (level 4, -3/26 HPs)
             Began as a Gargoyle Hexslinger on July 7, 2023.
             Slain by a gnoll
             ... wielding a +0 spear
              (4 damage)
             ... on level 3 of the Dungeon.
             The game lasted 00:00:35 (1242 turns).

qw the Shooter (Gargoyle Hexslinger)                Turns: 1242, Time: 00:00:36

Health: -3/26      AC:  9    Str: 12    XL:     4   Next: 6%
Magic:  5/5        EV: 10    Int: 13    God:
Gold:   70         SH:  0    Dex: 14    Spells: 4/5 levels left

rFire   . . .        Y - +1 sling
rCold   . . .        (no shield)
rNeg    + . .        g - +0 ring mail
rPois   inf          (no helmet)
rElec   +            (no cloak)
rCorr   .            b - +0 pair of gloves
SInv    .            (no boots)
Will    .....        (no amulet)
Stlth   +            (no ring)
HPRegen 0.24/turn    (no ring)
MPRegen 0.09/turn

%: no passive effects
@: no status effects
A: sickness immunity, AC +3, negative energy resistance 1, electricity
resistance, torment resistance 1, petrification resistance
a: no special abilities


You were on level 3 of the Dungeon.
You visited 1 branch of the dungeon, and saw 3 of its levels.

You collected 70 gold pieces.


Innate Abilities, Weirdness & Mutations

You are immune to sickness and miasma.
Your stone body is resilient. (AC +3)
You are immune to poison.
You resist negative energy. (rN+)
You are resistant to electric shocks. (rElec)
You are resistant to unholy torment.
You are immune to petrification.


   Skills:
 - Level 2.0 Fighting
 + Level 3.5 Ranged Weapons
 - Level 1.2 Armour
 - Level 1.5 Dodging
 - Level 1.0 Spellcasting
 - Level 2.6 Hexes


You had 4 spell levels left.
You knew the following spells:

 Your Spells              Type           Power      Damage    Failure   Level
a - Slow                  Hex            28%        N/A       22%         1

Your spell library contained the following spells:

 Spells                   Type           Power      Damage    Failure   Level
 Inner Flame              Hex/Fire       4%         N/A       73%         3
 Portal Projectile        Hex/Tloc       8%         N/A       73%         3
 Cause Fear               Hex            3%         N/A       91%         4

Inventory:

Hand Weapons
 Y - a +1 sling (weapon)
Armour
 b - a +0 pair of gloves (worn)
 g - a +0 ring mail (worn)
Scrolls
 a - a scroll of torment {unknown}
 e - a scroll of identify
Potions
 c - a potion of heal wounds {unknown}
 f - a potion of curing
 h - a potion of magic {unknown}
 i - a potion of brilliance {unknown}

Dungeon Overview and Level Annotations

Branches:
Dungeon (3/15)

Altars:
Fedhas
Qazlal


Message History

The gnoll hits you but does no damage.
The gnoll hits you from afar with a +0 halberd!
The gnoll closely misses you.
You shoot a sling bullet. The sling bullet hits the gnoll.
The gnoll is heavily wounded.
The gnoll closely misses you. The gnoll barely misses you.
You shoot a sling bullet. The sling bullet hits the gnoll!
You kill the gnoll!
The gnoll hits you from afar with a +0 spear.
The gnoll closely misses you.
Your Armour skill increases to level 1!
You have reached level 4!
You feel stronger.
You shoot a sling bullet. The sling bullet hits the gnoll.
The gnoll is severely wounded.
The gnoll hits you from afar with a +0 spear.
The gnoll barely misses you. The gnoll misses you.
The gnoll hits you but does no damage.
You shoot a sling bullet.
The sling bullet barely misses the gnoll.
The gnoll closely misses you. The gnoll hits you but does no damage.
The gnoll barely misses you.
You shoot a sling bullet. The sling bullet hits the gnoll.
The gnoll is heavily wounded.
The gnoll barely misses you. The gnoll hits you but does no damage.
The gnoll barely misses you. The gnoll closely misses you.
The gnoll barely misses you. The gnoll hits you but does no damage.
You shoot a sling bullet.
The sling bullet barely misses the gnoll.
The gnoll closely misses you.
The gnoll hits you from afar with a +0 halberd.
The gnoll hits you from afar with a +0 spear.
You shoot a sling bullet. The sling bullet hits the gnoll.
The gnoll is almost dead.
The gnoll closely misses you. x2; The gnoll hits you but does no damage.
You shoot a sling bullet. The sling bullet hits the gnoll!
You kill the gnoll!
The gnoll hits you from afar with a +0 spear.
The gnoll closely misses you.
The gnoll hits you from afar with a +0 spear.
You die...

....... .......
######### .......
#.......# .......##
#.#####.# .......
#.#####.#
.gg)###....##.#
#.####.)..####.##.#
<......@#.#.##.##.#
#.#####.#.#....##.#
#.#...#####.#
#....## #.# ####.#
#.# ######### #.####
#.#
#..PPP..###....###.#
..PPP.P...........>#
..PP_PP#######.#####


You could see 2 gnolls.

Vanquished Creatures
  2 gnolls (D:3)
  An adder (D:2)
  A worm (D:2)
  4 ball pythons (D:1)
  3 bats
  5 endoplasms
  A giant cockroach (D:1)
  4 goblins
  3 hobgoblins
  4 kobolds
  A quokka (D:2)
  3 frilled lizards
  7 rats
39 creatures vanquished.

Notes
Turn   | Place    | Note
-------+----------+-------------------------------------------
     0 | D:1      | qw the Gargoyle Hexslinger began the quest for the Orb.
     0 | D:1      | Reached XP level 1. HP: 12/12 MP: 2/2
     0 | D:1      | 0 ||| qw: Version: 0.3-a-46-gb1f654a
     0 | D:1      | 0 ||| qw: Game counter: 3132
     0 | D:1      | 0 ||| qw: Melee chars always use a shield: true
     0 | D:1      | 0 ||| qw: God list: Okawaru
     0 | D:1      | 0 ||| qw: Allow faded altars: false
     0 | D:1      | 0 ||| qw: Do Orc after clearing Dungeon:15 true
     0 | D:1      | 0 ||| qw: Do second Lair branch before Depths: true
     0 | D:1      | 0 ||| qw: Lair rune preference: random
     0 | D:1      | 0 ||| qw: Goals: Normal
     0 | D:1      | 0 ||| PLANNING D:1-11
   189 | D:1      | Reached XP level 2. HP: 16/16 MP: 3/3
   243 | D:1      | Reached skill level 3 in Ranged Weapons
   516 | D:1      | 516 ||| UPGRADING to +0 ring mail.
   526 | D:1      | 526 ||| DROPPING +0 robe.
   527 | D:1      | 527 ||| READING scroll labelled DIFFUHA HUSOSO.
   528 | D:1      | 528 ||| READING 2 scrolls labelled XAOMIE ROLE.
   529 | D:1      | 529 ||| DRINKING 2 green potions.
   530 | D:1      | 530 ||| DROPPING scroll of poison.
   558 | D:2      | Reached XP level 3. HP: 21/21 MP: 4/4
   577 | D:2      | Found a stormy altar of Qazlal.
   646 | D:2      | 646 ||| FLEEEEING.
  1099 | D:2      | 1099 ||| UPGRADING to +0 pair of gloves.
  1104 | D:2      | 1104 ||| READING scroll labelled ARU DUTOASME.
  1171 | D:3      | Found a blossoming altar of Fedhas.
  1237 | D:3      | Reached skill level 1 in Armour
  1237 | D:3      | Reached XP level 4. HP: 8/26 MP: 5/5
  1237 | D:3      | HP: 6/26 [gnoll/+0 spear (3)]
  1242 | D:3      | HP: 1/26 [gnoll/+0 spear (2)]
  1242 | D:3      | Slain by a gnoll

Levels and vault maps discovered:
D:1:      elethiomel_arrival_quiet, layout_basic
D:2:      layout_basic, basic_altar, minmay_tiny_reverse_x
D:3:      layout_basic, fedhas_altar_3, yredelemnul_forgotten_temple_becter,
          gammafunk_temple_overflow_statue, ebering_ecumenical_altar_ruins,
          nicolae_kite_square_tiling_tiny, kennysheep_generic_room_7

Skill      XL: |  1  2  3 |
---------------+----------+-----
Ranged Weapons | 3 |  3.5
Fighting       | 2 |  2.0
Armour         | 1 |  1.2
Dodging        | |  1.5
Spellcasting   | |  1.0
Hexes          | |  2.6

Action                     |  1- 3 |  4- 6 || total
---------------------------+-------+-------++-------
   Fire: Sling             |   140 |     6 ||   146
    Use: Scroll            |     3 |       ||     3
         Potion            |     1 |       ||     1
 Armour: Robe              |    18 |       ||    18
         Ring mail         |    13 |     5 ||    18
  Dodge: Dodged            |    56 |    12 ||    68

Table legend:
 A = Non-vault XP
 B = Vault XP
 C = Vault XP percentage of total XP
 D = Non-vault monster count
 E = Vault monster count
 F = Vault count percentage of total count
                 A         B        C        D         E       F
            +---------+---------+-------+---------+---------+-------
      Total |      94 |       7 |   6.9 |      37 |       2 |   5.1
            +---------+---------+-------+---------+---------+-------
        D:1 |      31 |       0 |   0.0 |      20 |       0 |   0.0
        D:2 |      31 |       7 |  18.4 |      13 |       2 |  13.3
        D:3 |      32 |       0 |   0.0 |       4 |       0 |   0.0
            +---------+---------+-------+---------+---------+-------
